 Dungeon Crawl Stone Soup version 0.23-a0-586-gacb4b3f (webtiles) character file.

23 inc the Scratcher (level 2, 0/12 HPs)
             Began as a Felid Transmuter on Dec 18, 2018.
             Succumbed to Terence's poison
             ... on level 2 of the Dungeon.
             The game lasted 00:01:32 (1077 turns).

inc the Scratcher (Felid Transmuter)                Turns: 1077, Time: 00:01:33

Health: 0/12       AC:  1    Str:  4 (6)  XL:     2   Next: 72%
Magic:  2/6        EV: 18    Int: 13 (14) God:
Gold:   35         SH:  0    Dex: 15 (16) Spells: 2/5 levels left
                                        Lives:  0   Deaths: 0

rFire    . . .     SeeInvis +     - Unarmed
rCold    . . .     Gourm    .   (shield unavailable)
rNeg     . . .     Faith    .   (armour unavailable)
rPois    .         Spirit   .   (helmet unavailable)
rElec    .         Reflect  .   (cloak unavailable)
rCorr    .         Harm     .   (gloves unavailable)
MR       .....                  (boots unavailable)
Stlth    ++........             (no amulet)
HPRegen  0.04/turn              (no ring)
MPRegen  0.10/turn              (no ring)

@: lethally poisoned (0 -> -14), appendage (expiring), quick
A: very small, no armour, no weapons or thrown items, stealth, claws 1, fangs 3,
horns 2, see invisible, carnivore, speed 1, shaggy fur 1, slow metabolism 1,
sharp paws
a: End Transformation


You were on level 2 of the Dungeon.
You were not hungry.
You had grown temporary horns.
You visited 1 branch of the dungeon, and saw 2 of its levels.

You collected 35 gold pieces.

Inventory:

Missiles
 a - 10 arrows
Scrolls
 b - a scroll of fog {unknown}
 e - 3 scrolls of teleportation {unknown}
 h - 2 scrolls of identify {unknown}
 i - a scroll of remove curse {unknown}
 k - 2 scrolls of fear {unknown}
Potions
 d - a potion of haste {unknown}
 f - a potion of degeneration
 g - a potion of berserk rage {unknown}
 j - a potion of curing {unknown}
Comestibles
 c - 2 rations


   Skills:
 - Level 1.6 Fighting
 - Level 3.3 Dodging
 - Level 3.4 Unarmed Combat
 - Level 2.0 Spellcasting
 + Level 2.2 Transmutations


You had 2 spell levels left.
You knew the following spells:

 Your Spells              Type           Power        Failure   Level  Hunger
a - Beastly Appendage     Tmut           #.....       10%         1    ##.....
b - Sticks to Snakes      Tmut           #.......     16%         2    ###....

Your spell library contained the following spells:

 Spells                   Type           Power        Failure   Level  Hunger
 Spider Form              Tmut/Pois      #.........   43%         3    ####...
 Ice Form                 Ice/Tmut       #.......     85%         4    #####..
 Blade Hands              Tmut           #.........   95%         5    ######.


Dungeon Overview and Level Annotations

Branches:
Dungeon (2/15)

Altars:

Annotations:
D:2 Sigmund, Terence


Innate Abilities, Weirdness & Mutations

You cannot wear armour.
You are incapable of wielding weapons or throwing items.
Your paws allow you to move quietly. (Stealth)
You have sharp claws.
You have razor-sharp teeth.
You have supernaturally acute eyesight. (SInv)
You are carnivorous and can eat meat at any time.
You cover ground quickly.
You are covered in fur. (AC +1)
You have a slow metabolism.
Your sharp claws are effective at attacking unaware monsters.
You have a pair of horns on your head.


Message History

* * * LOW HITPOINT WARNING * * *
You feel sick.
Your ball python bites Terence but does no damage.
Your ball python completely misses Terence.
Casting: Sticks to Snakes (safe; 14% risk of failure)
Confirm with . or Enter, or press ? or * to list all spells.
You create a snake!
You now have 10 arrows.
* * * LOW HITPOINT WARNING * * *
You feel sick.
Your ball python closely misses Terence.
Your ball python grabs Terence.
Your ball python constricts Terence.
Your ball python bites Terence but does no damage.
Your ball python constricts Terence.
Terence barely misses you.
You swap places.
* * * LOW HITPOINT WARNING * * *
You feel sick.
Your ball python bites Terence.
It was a potion of degeneration.
There was something very wrong with that liquid.
You feel weakened.
You feel dopey.
You feel clumsy.
You die...

#####.#.#.# #.....#
#.######
..........#####.....#
#......#
......@..#.<........#
#.####.#
......#..#.####..>..#
#.####.#
#######..#.####.....#
#.)..#.# #..#.##......##
#.##.#.#
#....##.####.#####......#
##.####.####.#......#.###
#......@S@.......#.#.#
######S####.#.#.<....#
#.####.#.####.###
#......#.####.#
########......# ########


You could see Terence and 2 friendly ball pythons.

Vanquished Creatures
  A dart slug (D:1)
  2 leopard geckos
  3 bats (D:1)
  3 goblins (D:1)
  2 hobgoblins
  A quokka (D:2)
  A ball python (D:1)
  2 frilled lizards
  A kobold (D:1)
  2 rats (D:1)
18 creatures vanquished.

Notes
Turn   | Place    | Note
-------+----------+-------------------------------------------
     0 | D:1      | inc the Felid Transmuter began the quest for the Orb.
     0 | D:1      | Reached XP level 1. HP: 9/9 MP: 4/4
   328 | D:1      | Reached XP level 2. HP: 12/12 MP: 6/6
   922 | D:2      | Noticed Terence
   928 | D:2      | Learned a level 2 spell: Sticks to Snakes
   930 | D:2      | Noticed Sigmund
  1077 | D:2      | Succumbed to Terence's poison

Vault maps used:
D:1:      minmay_arrival_open_corners, grunt_decor_cap
D:2:      uniq_sigmund, uniq_terence

Skill      XL: |  1 |
---------------+----+-----
Dodging        | 3 |  3.3
Fighting       | |  1.6
Unarmed Combat | |  3.4
Spellcasting   | |  2.0
Transmutations | |  2.2

Action                   || total
-------------------------++-------
Melee: Unarmed           ||    40
       Headbutt          ||     2
       Punch             ||     1
 Cast: Beastly Appendage ||     3
       Sticks to Snakes  ||     2
  Use: Potion            ||     1
 Stab: Sleeping          ||     4
  Eat: Chunk             ||     2
Armor: Skin              ||     1
Dodge: Dodged            ||    26

Table legend:
 A = Non-vault XP
 B = Vault XP
 C = Vault XP percentage of total XP
 D = Non-vault monster count
 E = Vault monster count
 F = Vault count percentage of total count
                 A         B        C        D         E       F
            +---------+---------+-------+---------+---------+-------
      Total |      33 |       0 |   0.0 |      18 |       0 |   0.0
            +---------+---------+-------+---------+---------+-------
        D:1 |      25 |       0 |   0.0 |      14 |       0 |   0.0
        D:2 |       8 |       0 |   0.0 |       4 |       0 |   0.0
            +---------+---------+-------+---------+---------+-------
